AoeStats
← ziko

Arena

509429256Analyzed
4v4 RM · 4d ago on Sep 26, 2026· 71m 41s· 8 players
Game mode
Random Map
Map size
Large (8 player)
Population
200
Speed
Normal
Resources
Standard
Victory
Conquest
Starting age
Dark Age
Ending age
Imperial Age
RankedLock teamsTeams togetherTeam positionsShared explorationLock speedFull tech treeHidden civsTurbo modeCheats
Victory
Defeat
🇳🇱 Gurjaras · Netherlands
1124
+12
1044
+16
🇹🇼 Cumans · Taiwan
1022
+16
🇹🇷 Britons · Türkiye
985
+18
🇩🇪 Britons · Germany
1052
-16
🇫🇷 Lithuanians · France
1039
-16
🇦🇿 Hindustanis · Azerbaijan
1027
-15
🇦🇿 Vietnamese · Azerbaijan
1020
-15
Hrakiir
4:53 Loom
10:39 Feudal Age
15:38 Castle Age
14:01 Horse Collar
16:03 Stone Mining
16:01 Double-Bit Axe
17:00 Gold Mining
23:03 Bow Saw
24:00 Heavy Plow
24:56 Wheelbarrow
25:48 Gold Shaft Mining
26:00 Fletching
30:11 Imperial Age
28:14 Bodkin Arrow
28:23 Town Watch
29:21 Yeomen
29:33 Padded Archer Armor
29:59 Hand Cart
30:33 Town Patrol
32:01 Conscription
32:20 Bracer
32:51 Elite Longbowman
34:37 Ballistics
35:18 Chemistry
35:44 Leather Archer Armor
39:02 Warwolf
40:43 Ring Archer Armor
43:05 Hoardings
Bloups3000
10:27 Feudal Age
9:17 Loom
9:21 Loom
15:41 Castle Age
13:55 Double-Bit Axe
14:25 Horse Collar
14:43 Gold Mining
16:33 Light Cavalry
17:29 Bow Saw
18:27 Fervor
19:42 Wheelbarrow
21:42 Forging
22:41 Hand Cart
26:31 Husbandry
29:04 Imperial Age
26:53 Stone Mining
27:15 Town Watch
27:26 Fletching
29:15 Stone Shaft Mining
29:11 Scale Barding Armor
29:22 Redemption
29:39 Ballistics
29:31 Fortified Wall
30:16 Heavy Plow
30:55 Conscription
31:33 Chain Barding Armor
32:17 Bloodlines
33:01 Block Printing
32:42 Herbal Medicine
33:56 Plate Barding Armor
33:57 Iron Casting
38:43 Sanctity
41:26 Hoardings
41:39 Theocracy
42:28 Elite Leitis
55:57 Illumination
67:41 Bodkin Arrow
ZaZa
11:20 Feudal Age
16:33 Castle Age
15:02 Double-Bit Axe
15:31 Horse Collar
16:44 Crossbowman
19:10 Ballistics
20:12 Wheelbarrow
19:30 Fletching
23:23 Hand Cart
27:39 Bow Saw
28:12 Heavy Plow
30:15 Loom
31:40 Thumb Ring
35:38 Imperial Age
34:00 Thumb Ring
33:55 Bodkin Arrow
35:36 Padded Archer Armor
35:29 Stone Mining
35:30 Gold Mining
36:55 Stone Shaft Mining
35:53 Arbalester
36:57 Bracer
37:13 Leather Archer Armor
37:22 Paper Money
37:27 Elite Fire Lancer
39:35 Two-Man Saw
38:00 Pikeman
38:42 Squires
38:30 Arson
40:21 Chemistry
42:13 Forging
42:04 Scale Mail Armor
42:17 Fortified Wall
42:35 Pikeman
43:47 Bloodlines
43:37 Murder Holes
43:30 Arrowslits
44:42 Halberdier
48:45 Crop Rotation
50:29 Hoardings
54:42 Guilds
58:19 Ring Archer Armor
58:25 Iron Casting
58:05 Chain Mail Armor
62:50 Town Watch
64:03 Plate Mail Armor
63:04 Elite Skirmisher
63:57 Town Patrol
64:29 Light Cavalry
65:10 Husbandry
ziko
10:51 Feudal Age
9:42 Loom
14:38 Castle Age
24:51 Double-Bit Axe
27:41 Bow Saw
27:16 Horse Collar
30:14 Wheelbarrow
29:48 Heavy Plow
38:39 Imperial Age
38:18 Husbandry
38:30 Bloodlines
46:28 Hand Cart
47:55 Town Watch
48:09 Pikeman
48:51 Squires
50:37 Scale Mail Armor
50:49 Forging
51:35 Chain Mail Armor
54:09 Iron Casting
56:47 Blast Furnace
55:54 Scale Barding Armor
56:51 Conscription
61:56 Padded Archer Armor
61:48 Fletching
63:41 Light Cavalry
Bertinator
5:05 Loom
10:09 Feudal Age
14:38 Castle Age
12:35 Double-Bit Axe
16:07 Bow Saw
19:18 Wheelbarrow
23:28 Hand Cart
31:56 Imperial Age
29:13 Town Watch
30:24 Kshatriyas
30:53 Scale Barding Armor
30:58 Forging
32:18 Chain Barding Armor
32:58 Bloodlines
32:49 Husbandry
32:10 Heavy Camel Rider
34:17 Plate Barding Armor
34:59 Conscription
35:48 Town Patrol
35:32 Horse Collar
35:45 Gold Mining
35:45 Stone Mining
36:09 Scale Mail Armor
36:47 Iron Casting
38:08 Caravan
40:45 Elite Shrivamsha Rider
44:23 Frontier Guards
62:06 Fletching
62:16 Padded Archer Armor
62:46 Elite Elephant Archer
63:32 Thumb Ring
62:58 Elite Skirmisher
65:55 Bodkin Arrow
66:16 Leather Archer Armor
66:24 Ballistics
67:05 Chemistry
Supreme Leader Donald J. Trump
12:12 Feudal Age
13:08 Double-Bit Axe
13:05 Horse Collar
15:57 Castle Age
13:59 Gold Mining
15:04 Stone Mining
17:50 Bow Saw
17:44 Heavy Plow
19:41 Wheelbarrow
19:23 Loom
24:00 Fletching
24:10 Padded Archer Armor
25:47 Gold Shaft Mining
25:36 Bodkin Arrow
25:57 Leather Archer Armor
26:25 Thumb Ring
27:58 Ballistics
29:19 Hand Cart
28:50 Town Watch
29:41 Elite Skirmisher
33:02 Imperial Age
34:17 Bloodlines
33:38 Onager
34:11 Cranequins
34:55 Siege Onager
36:02 Conscription
36:57 Siege Engineers
37:59 Chemistry
38:23 Stone Shaft Mining
38:01 Husbandry
38:37 Bracer
39:13 Ring Archer Armor
40:10 Northmen's Fury
41:43 Murder Holes
41:59 Masonry
42:25 Hoardings
43:25 Heavy Mounted Crossbowman
47:38 Capped Ram
48:52 Siege Ram
52:13 Guard Tower
52:08 Arrowslits
53:50 Keep
64:07 Forging
63:58 Scale Mail Armor
63:19 Elite Varangian Guard
63:45 Arson
64:00 Squires
63:45 Gambesons
65:25 Pikeman
66:13 Halberdier
極易電腦
2:22 Loom
6:44 Loom
9:54 Feudal Age
10:57 Double-Bit Axe
10:54 Horse Collar
16:01 Loom
17:03 Wheelbarrow
22:19 Castle Age
20:21 Gold Mining
20:22 Stone Mining
23:32 Bow Saw
23:23 Heavy Plow
24:16 Gold Shaft Mining
24:32 Hand Cart
24:38 Caravan
31:46 Imperial Age
30:20 Forging
30:16 Scale Barding Armor
31:40 Iron Casting
31:15 Murder Holes
31:41 Ballistics
31:32 Masonry
31:34 Bloodlines
31:52 Steppe Husbandry
31:47 Elite Steppe Lancer
32:49 Conscription
33:32 Blast Furnace
32:54 Chain Barding Armor
34:19 Two-Man Saw
34:09 Crop Rotation
34:20 Plate Barding Armor
33:24 Pikeman
34:05 Squires
33:50 Arson
34:44 Scale Mail Armor
35:04 Light Cavalry
35:47 Town Watch
36:19 Chain Mail Armor
35:56 Fletching
36:13 Hussar
38:00 Hoardings
37:37 Town Patrol
37:41 Padded Archer Armor
37:35 Onager
40:10 Cavalier
42:09 Chemistry
42:04 Paladin
42:30 Halberdier
48:12 Squires
49:01 Plate Mail Armor
48:26 Bodkin Arrow
48:47 Leather Archer Armor
48:34 Cuman Mercenaries
49:22 Coinage
49:03 Guilds
54:11 Siege Onager
60:30 Banking
60:42 Elite Kipchak
66:07 Sappers
66:56 Heated Shot
67:16 Clinker Construction
67:17 Careening
67:40 Ring Archer Armor
kinqpinq
0:33 Loom
12:27 Feudal Age
12:53 Town Watch
12:58 Double-Bit Axe
19:41 Castle Age
18:12 Padded Archer Armor
18:11 Fletching
18:39 Stone Mining
18:55 Gold Mining
19:47 Horse Collar
22:36 Crossbowman
31:14 Masonry
31:25 Ballistics
34:09 Imperial Age
31:34 Treadmill Crane
32:32 Wheelbarrow
32:40 Fortified Wall
32:51 Leather Archer Armor
33:26 Bodkin Arrow
34:03 Yeomen
34:14 Yeomen
34:39 Gold Shaft Mining
35:40 Conscription
36:44 Chemistry
36:48 Ring Archer Armor
35:46 Capped Ram
37:25 Hand Cart
37:51 Bow Saw
38:08 Town Patrol
38:50 Elite Longbowman
41:17 Bracer
43:15 Two-Man Saw
41:44 Cranequins
43:18 Architecture
43:57 Elite Skirmisher
45:33 Scale Mail Armor
47:15 Chain Mail Armor
47:11 Forging
53:55 Squires
55:57 Pikeman
61:11 Plate Mail Armor
61:19 Pikeman
69:31 Iron Casting
Connection lost

Rejoining the realm…

Still unreachable

The connection could not be restored.

Session expired

The server has moved on; the page needs a fresh start.